 Dungeon Crawl Stone Soup version 0.21.1-1-g345015f (webtiles) character file.

2413 inc the Covert (level 9, -4/37 HPs)
             Began as a Felid Monk on Mar 7, 2018.
             Was a High Priest of Dithmenos.
             Killed from afar by an electric eel (14 damage)
             ... with a bolt of electricity
             ... in a bailey.
             The game lasted 00:14:33 (7273 turns).

inc the Covert (Felid Monk)                         Turns: 7273, Time: 00:14:35

Health: -4/37      AC:  2    Str:  7    XL:     9   Next: 23%
Magic:  10/10      EV: 25    Int: 15    God:    Dithmenos [*****.]
Gold:   168        SH:  0    Dex: 18    Spells: 8/8 levels left
                                        Lives:  0   Deaths: 2

rFire    . . .     SeeInvis +     - Unarmed
rCold    . . .     Gourm    .   (shield unavailable)
rNeg     . . .     Faith    .   (armour unavailable)
rPois    .         Spirit   .   (helmet unavailable)
rElec    .         Reflect  .   (cloak unavailable)
rCorr    .         Harm     .   (gloves unavailable)
MR       +....                  (boots unavailable)
Stlth    ++++++++..             (no amulet)
HPRegen  0.12/turn              (no ring)
MPRegen  0.12/turn              (no ring)

@: wreathed by umbra, quick
A: very small, no armour, no weapons or thrown items, stealth, claws 1, fangs 3,
see invisible, carnivore, speed 1, shaggy fur 2, slow metabolism 1, sharp paws
a: Shadow Step, Shadow Form, Renounce Religion


You were in a bailey.
You worshipped Dithmenos.
Dithmenos was extremely pleased with you.
You were not hungry.

You visited 1 branch of the dungeon, and saw 7 of its levels.
You also visited: Sewer and Bailey.

You collected 168 gold pieces.

Inventory:

Jewellery
 b - an uncursed amulet of the gourmand
Wands
 u - a wand of scattershot (7)
Scrolls
 f - 2 scrolls of fear {unknown}
 g - 3 scrolls of blinking
 j - a scroll of identify
 k - a scroll of noise {unknown}
 m - 2 scrolls of teleportation
 n - 3 scrolls of enchant armour {unknown}
 q - 3 scrolls of remove curse
 r - 2 scrolls of magic mapping {unknown}
 t - a scroll of immolation {unknown}
Potions
 c - a potion of lignification {unknown}
 d - 2 potions of brilliance
 e - 3 potions of agility
 h - 2 potions of might
 i - 8 potions of curing
 l - a potion of flight
 o - a potion of magic
 p - a potion of mutation
Books
 s - a book of Battle

   Spells                             Type                      Level
   a - Infusion                       Charms                       1
   b - Shroud of Golubria             Charms/Translocation         2
   c - Song of Slaying                Charms                       2
   d - Spectral Weapon                Hexes/Charms                 3
   e - Regeneration                   Charms/Necromancy            3
Comestibles
 a - 13 rations


   Skills:
 - Level 3.0 Fighting
 - Level 9.3 Dodging
 - Level 11.2 Stealth
 + Level 10.4 Unarmed Combat


You had 8 spell levels left.
You didn't know any spells.

Dungeon Overview and Level Annotations

Branches:
Dungeon (7/15)             Temple (0/1) D:6

Altars:
Ashenzari
Dithmenos
Fedhas
Kikubaaqudgha
Wu Jian
Yredelemnul

Annotations:
D:2 Sigmund
D:5 Mirai's ghost, novice HOFi
D:7 grindst0ne's ghost, novice DsGl


Innate Abilities, Weirdness & Mutations

You cannot wear armour.
You are incapable of wielding weapons or throwing items.
Your paws allow you to move quietly. (Stealth)
You have sharp claws.
You have razor-sharp teeth.
You have supernaturally acute eyesight. (SInv)
You are carnivorous and can eat meat at any time.
You cover ground quickly.
You are covered in thick fur. (AC +2)
You have a slow metabolism.
Your sharp claws are effective at attacking unaware monsters.


Message History

An electric eel is nearby!
The electric eel shoots out a bolt of lightning at you!
The bolt of electricity hits you!
An electric eel comes into view.
The electric eel shoots out a bolt of lightning at you!
The bolt of electricity misses you.
The electric eel shoots out a bolt of lightning at you!
The bolt of electricity misses you. The bolt of electricity hits you!
The electric eel shoots out a bolt of lightning at you!
The bolt of electricity misses you. x2
The electric eel shoots out a bolt of lightning at you!
The bolt of electricity hits you! The bolt of electricity misses you.
You open the door.
An orc and an orc knight come into view.
The electric eel shoots out a bolt of lightning at you!
The bolt of electricity hits you!
* * * LOW HITPOINT WARNING * * *
The electric eel shoots out a bolt of lightning at you!
The bolt of electricity hits you!
You die...

≈≈≈≈≈≈≈.#..#############
≈≈≈≈≈≈≈.##'#...........#
≈≈≈≈≈≈≈.)........_......
≈≈≈≈≈≈≈.#.8.............
≈≈≈≈≈≈≈.#...............
≈≈≈;;≈≈.#.8)###########.
≈≈≈≈≈≈≈.#.÷...#######...
≈≈≈≈≈≈≈.#.8...#.....#...
≈≈≈≈≈≈≈@#.....#.....#...
≈≈≈≈≈≈#'####..#..⌠..#..#
≈≈≈≈≈≈#.. #..'.)...'..#
≈≈≈≈≈≈#... #..).)...'..#
≈≈≈≈≈≈###o.#####)''#####
≈≈≈≈≈ o.#..)))......#
≈≈≈≈ ######≈)))...≈≈≈≈#
≈≈≈≈≈≈≈≈≈≈...≈≈≈≈≈
≈≈≈≈≈≈≈≈≈≈...≈≈≈≈≈


You could see an orc knight (sleeping), 2 electric eels and an orc (sleeping).

Vanquished Creatures
  An orc high priest (Bailey)
  A kobold demonologist (Bailey)
  Eustachio (D:5)
  Edmund (D:5)
  A water moccasin (D:7)
  7 orc warriors
  A sky beast (D:4)
  3 ogres
  2 centaurs
  2 big kobolds (Sewer)
  2 bullfrogs
  A scorpion (D:7)
  A howler monkey (D:7)
  An electric eel (Bailey)
  A crimson imp (D:6)
  3 hounds
  A quasit (D:7)
  3 orc priests
  Crazy Yiuf (D:5)
  A centaur skeleton (D:5)
  A bullfrog skeleton (D:4)
  5 orc wizards
  3 iguanas
  A worker ant (D:5)
  2 hound skeletons
  A gnoll (Bailey)
  8 adders
  4 river rats (Sewer)
  2 oozes (D:2)
  An adder zombie (D:7)
  4 worms
  2 dart slugs (D:1)
  11 leopard geckos
  24 orcs
  6 giant cockroaches
  10 goblins
  18 hobgoblins
  12 jackals
  19 kobolds
  2 quokkas
  7 ball pythons
  3 bats (D:1)
  5 frilled lizards
  29 rats
215 creatures vanquished.

Vanquished Creatures (others)
  A human (D:3)
1 creature vanquished.

Grand Total: 216 creatures vanquished

Notes
Turn   | Place    | Note
-------+----------+-------------------------------------------
     0 | D:1      | inc the Felid Monk began the quest for the Orb.
     0 | D:1      | Reached XP level 1. HP: 10/10 MP: 2/2
   248 | D:1      | Reached XP level 2. HP: 12/14 MP: 3/3
   719 | D:2      | Found a shadowy altar of Dithmenos.
   753 | D:2      | Noticed Sigmund
  1059 | D:1      | Reached XP level 3. HP: 17/17 MP: 4/4
  1275 | D:2      | Became a worshipper of Dithmenos the Shadowed
  1275 | D:2      | Reached * piety under Dithmenos
  1275 | D:2      | Reached ** piety under Dithmenos
  1651 | D:2      | Reached skill level 3 in Stealth
  1832 | D:2      | Reached XP level 4. HP: 5/21 MP: 5/5
  1833 | D:2      | Reached skill level 4 in Stealth
  1842 | D:2      | HP: 1/21 [poisoned by an adder]
  1847 | D:2      | Succumbed to an adder's poison
  1848 | D:2      | Reached XP level 3. HP: 0/17 MP: 4/4
  1949 | D:3      | Found a glowing drain.
  2138 | Sewer    | Entered a sewer
  2153 | Sewer    | Reached skill level 5 in Stealth
  2154 | Sewer    | Reached XP level 4. HP: 21/21 MP: 5/5
  2356 | Sewer    | Noticed a big kobold
  2365 | Sewer    | Killed a big kobold
  2365 | Sewer    | Reached skill level 6 in Stealth
  2365 | Sewer    | Reached XP level 5. HP: 21/24 MP: 6/6
  2479 | Sewer    | Reached *** piety under Dithmenos
  2486 | Sewer    | Reached skill level 7 in Stealth
  2528 | Sewer    | Reached skill level 8 in Stealth
  2529 | Sewer    | Gained mutation: You are covered in thick fur. (AC +2) [Felid growth]
  2529 | Sewer    | Reached XP level 6. HP: 26/28 MP: 7/7
  3193 | D:4      | Found an ornate altar of the Wu Jian Council.
  3271 | D:4      | Noticed a sky beast
  3284 | D:4      | Killed a sky beast
  3284 | D:4      | Reached skill level 9 in Stealth
  3455 | D:4      | Reached skill level 10 in Stealth
  3455 | D:4      | Reached XP level 7. HP: 29/31 MP: 8/8
  3832 | D:5      | Entered Level 5 of the Dungeon
  3881 | D:5      | Noticed Eustachio
  3885 | D:5      | Killed Eustachio
  3898 | D:5      | Reached **** piety under Dithmenos
  3898 | D:5      | Reached skill level 11 in Stealth
  3978 | D:5      | Noticed Mirai's ghost (novice HOFi)
  3984 | D:5      | Noticed Edmund
  4074 | D:5      | Found a runed door.
  4158 | D:5      | Noticed Crazy Yiuf
  4162 | D:5      | Killed Crazy Yiuf
  4162 | D:5      | Reached skill level 5 in Dodging
  4237 | D:5      | Killed Edmund
  4307 | D:5      | Reached XP level 8. HP: 17/34 MP: 9/9
  4842 | D:3      | Found an ancient bone altar of Kikubaaqudgha.
  5093 | D:3      | Found a blossoming altar of Fedhas.
  5611 | D:6      | HP: 1/34 [iguana (10)]
  5640 | D:6      | Found a shattered altar of Ashenzari.
  5647 | D:6      | Found a staircase to the Ecumenical Temple.
  5726 | D:6      | Reached skill level 5 in Unarmed Combat
  5884 | D:6      | Found a basalt altar of Yredelemnul.
  6111 | D:7      | Noticed grindst0ne's ghost (novice DsGl)
  6356 | D:7      | Reached XP level 9. HP: 13/37 MP: 10/10
  6417 | D:7      | Found a flagged portal.
  6625 | Bailey   | Entered a bailey
  6877 | Bailey   | Found an iron altar of Okawaru.
  6877 | Bailey   | Noticed an orc high priest
  6877 | Bailey   | Noticed a kobold demonologist
  6891 | Bailey   | Noticed a sun demon
  6897 | Bailey   | Noticed a rust devil
  6897 | Bailey   | Noticed a red devil
  6905 | Bailey   | Mangled by a sun demon
  6906 | Bailey   | Reached XP level 8. HP: -11/34 MP: 9/9
  6921 | Bailey   | Killed an orc high priest
  6930 | Bailey   | Noticed a rust devil
  6933 | Bailey   | Noticed an orange demon
  6934 | Bailey   | Killed a kobold demonologist
  6934 | Bailey   | Reached XP level 9. HP: 37/37 MP: 10/10
  6937 | Bailey   | Reached skill level 10 in Unarmed Combat
  6946 | Bailey   | Reached ***** piety under Dithmenos
  7273 | Bailey   | Noticed an orc knight
  7273 | Bailey   | Killed from afar by an electric eel

Skill      XL: |  1  2  3  4  5  6  7  8  9 |
---------------+----------------------------+-----
Unarmed Combat | 4 9 10 | 10.4
Stealth        | 5 6 8 10 11 | 11.2
Dodging        | 6 9 |  9.3
Fighting       | |  3.0

Action                   |  1- 3 |  4- 6 |  7- 9 || total
-------------------------+-------+-------+-------++-------
Melee: Unarmed           |   146 |   111 |   423 ||   680
       Bite              |    12 |     3 |    43 ||    58
       Punch             |     2 |     1 |     6 ||     9
  Use: Scroll            |     2 |     1 |     6 ||     9
       Potion            |     3 |     2 |    11 ||    16
 Stab: Sleeping          |    11 |    14 |    30 ||    55
       Distracted        |     1 |     1 |     2 ||     4
  Eat: Chunk             |     2 |     1 |    15 ||    18
Armor: Skin              |     5 |     3 |     8 ||    16
Dodge: Dodged            |   135 |    94 |   385 ||   614
